 Dungeon Crawl Stone Soup version 0.22.0-75-g3901e7991e (webtiles) character file.

98 Kniotic the Ruffian (level 4, -5/35 HPs)
             Began as a Draconian Transmuter on Sept 11, 2018.
             Slain by Grinder (9 damage)
             ... while paralysed by Grinder
             ... on level 3 of the Dungeon.
             The game lasted 00:01:54 (2586 turns).

Kniotic the Ruffian (Draconian Transmuter)          Turns: 2586, Time: 00:01:55

Health: -5/35      AC:  5    Str: 13    XL:     4   Next: 43%
Magic:  1/7        EV:  2    Int: 14    God:
Gold:   125        SH:  0    Dex: 11    Spells: 4/7 levels left

rFire    . . .     SeeInvis .     - Unarmed
rCold    . . .     Gourm    .   (no shield)
rNeg     . . .     Faith    .   (armour unavailable)
rPois    .         Spirit   .   (helmet restricted)
rElec    .         Reflect  .   (no cloak)
rCorr    .         Harm     .   (no gloves)
MR       .....                  (no boots)
Stlth    +.........             (no amulet)
HPRegen  0.11/turn              (no ring)
MPRegen  0.10/turn              (no ring)

@: paralysed, very slightly contaminated
A: unfitting armour, cold-blooded, AC +5
a: no special abilities


You were on level 3 of the Dungeon.
You were not hungry.

You visited 1 branch of the dungeon, and saw 3 of its levels.

You collected 125 gold pieces.

Inventory:

Missiles
 a - 57 arrows
Jewellery
 b - a cursed -2 ring of evasion {unknown}
 l - a +3 ring of dexterity {unknown}
Scrolls
 f - a scroll of fog {unknown}
 g - 2 scrolls of amnesia {unknown}
 h - a scroll of random uselessness {unknown}
 i - a scroll of enchant armour {unknown}
 j - 2 scrolls of remove curse {unknown}
 k - a scroll of magic mapping {unknown}
 m - 2 scrolls of identify {unknown}
Potions
 d - a potion of might {unknown}
 e - 2 potions of heal wounds {unknown}
 n - 2 potions of brilliance {unknown}
Comestibles
 c - 6 rations
 o - 3 chunks of flesh


   Skills:
 - Level 1.1 Fighting
 - Level 1.7 Dodging
 + Level 4.3 Unarmed Combat
 - Level 2.0 Spellcasting
 + Level 3.6 Transmutations


You had 4 spell levels left.
You knew the following spells:

 Your Spells              Type           Power        Failure   Level  Hunger
a - Beastly Appendage     Tmut           ##....       5%          1    ##.....
b - Sticks to Snakes      Tmut           ##......     9%          2    ###....

Your spell library contained the following spells:

 Spells                   Type           Power        Failure   Level  Hunger
 Spider Form              Tmut/Pois      #.........   34%         3    ####...
 Ice Form                 Ice/Tmut       #.......     75%         4    #####..
 Blade Hands              Tmut           ##........   83%         5    ######.


Dungeon Overview and Level Annotations

Branches:
Dungeon (3/15)

Altars:
Makhleb
Wu Jian

Annotations:
D:3 Grinder


Innate Abilities, Weirdness & Mutations

Your plain brown scales are hard. (AC +5)
You cannot fit into any form of body armour.
You are cold-blooded and may be slowed by cold attacks.


Message History

Pain shoots through your body!
Casting: Sticks to Snakes (safe; 9% risk of failure)
Confirm with . or Enter, or press ? or * to list all spells.
You miscast Sticks to Snakes.
You are very lightly contaminated with residual magic.
Your hands glow momentarily.
Grinder gestures at you.
You suddenly lose the ability to move!
Your ball python bites Grinder but does no damage.
Your ball python grabs Grinder.
Your ball python constricts Grinder.
Grinder hits you!
You writhe in agony.
Your ball python bites Grinder but does no damage.
Your ball python constricts Grinder.
Grinder hits you.
* * * LOW HITPOINT WARNING * * *
You writhe in agony.
* * * LOW HITPOINT WARNING * * *
Your ball python bites Grinder.
Your ball python constricts Grinder.
Your ball python bites Grinder but does no damage.
Your ball python constricts Grinder.
Grinder hits you!
You die...

.. ## ..+.####
.#....### #.
....... ...
#.....#..
#..S... #.S5#
.# #.@.#..#
#######......#
#.........##.#
#........## ..
#.......## .
#.......#
#.......###
#.........#
#...........


You could see Grinder and 2 friendly ball pythons.

Vanquished Creatures
  A hound (D:3)
  2 adders
  2 oozes
  A worm (D:3)
  A leopard gecko (D:3)
  2 orcs (D:3)
  A ball python (D:1)
  5 bats
  A giant cockroach (D:1)
  4 hobgoblins
  A quokka (D:2)
  2 frilled lizards
  4 kobolds
  4 rats
31 creatures vanquished.

Vanquished Creatures (collateral kills)
  An adder (D:2)
  A worm (D:3)
2 creatures vanquished.

Grand Total: 33 creatures vanquished

Notes
Turn   | Place    | Note
-------+----------+-------------------------------------------
     0 | D:1      | Kniotic the Draconian Transmuter began the quest for the
                  | Orb.
     0 | D:1      | Reached XP level 1. HP: 16/16 MP: 3/3
   287 | D:1      | Reached XP level 2. HP: 21/23 MP: 5/5
   291 | D:1      | Learned a level 2 spell: Sticks to Snakes
  1080 | D:2      | Reached XP level 3. HP: 19/28 MP: 6/6
  1813 | D:2      | Found an ornate altar of the Wu Jian Council.
  2062 | D:3      | Reached skill level 4 in Unarmed Combat
  2089 | D:3      | Reached XP level 4. HP: 16/35 MP: 2/7
  2510 | D:3      | Found a burning altar of Makhleb.
  2577 | D:3      | Noticed Grinder
  2583 | D:3      | Paralysed by Grinder for 6 turns
  2586 | D:3      | Slain by Grinder

Skill      XL: |  1  2  3 |
---------------+----------+-----
Transmutations | 3 |  3.6
Unarmed Combat | 4 |  4.3
Fighting       | |  1.1
Dodging        | |  1.7
Spellcasting   | |  2.0

Action                   |  1- 3 |  4- 6 || total
-------------------------+-------+-------++-------
Melee: Unarmed           |   121 |    10 ||   131
       Tailslap          |     6 |     1 ||     7
 Cast: Sticks to Snakes  |     5 |     2 ||     7
 Stab: Distracted        |     1 |       ||     1
       Sleeping          |     1 |       ||     1
  Eat: Chunk             |     4 |     2 ||     6
Armor: Skin              |    43 |     3 ||    46
Dodge: Dodged            |    93 |     9 ||   102
